NCAA
GEORGETOWN HOYAS @ VILLANOVA WILDCATS
05/12/2026
 
TOP OF THE 1ST
Georgetown Hoyas batting - Pitching for Villanova Wildcats : RHP Kade Brown
Pitching: RHP Kade Brown
Batting: RHB Bob Lee 0-0: Fly out, F8 (Flyball, 8RM)
Batting: LHB Chris Smith 0-0: SINGLE (Line Drive, 7S)
Batting: RHB Hubert MacDonald 0-0: Called Strike
0-1: Ball
Single, Error in OF, E8, batter to second base
Chris Smith to third
Batting: LHB Ken Bullard 0-0: Called Strike
0-1: Swinging Strike
0-2: Foul Ball, location: 2F
0-2: Strikes out swinging
Batting: RHB Brian Harvey 0-0: Ball
1-0: Foul Ball, location: 2F
1-1: Fly out, F7 (Flyball, 7D)
Top of the 1st over - 0 run(s), 2 hit(s), 1 error(s), 2 left on base; Georgetown 0 - Villanova 0
BOTTOM OF THE 1ST
Villanova Wildcats batting - Pitching for Georgetown Hoyas : RHP Greg Thompson
Pitching: RHP Greg Thompson
Batting: RHB Jason Smith 0-0: Ball
1-0: Ball
2-0: Fly out, F9 (Flyball, 9M)
Batting: RHB Robbie Anderson 0-0: Called Strike
0-1: Foul Ball, location: 2F
0-2: Ball
1-2: SINGLE (Groundball, 56D)
Batting: RHB Mark Hess 0-0: Ball
1-0: Foul Ball, location: 2F
1-1: Swinging Strike
1-2: Foul Ball, location: 2F
1-2: Strikes out swinging
Batting: RHB Ron Elazar 0-0: Ball
1-0: Ball
2-0: Ball
3-0: Called Strike
3-1: 2-RUN HOME RUN (Line Drive, 7D), Distance : 354 ft
Batting: RHB Jorge Barrios 0-0: Called Strike
0-1: Foul Ball, location: 2F
0-2: Strikes out swinging
Bottom of the 1st over - 2 run(s), 2 hit(s), 0 error(s), 0 left on base; Georgetown 0 - Villanova 2
TOP OF THE 2ND
Georgetown Hoyas batting - Pitching for Villanova Wildcats : RHP Kade Brown
Batting: RHB Glenn Rojas 0-0: Ball
1-0: Swinging Strike
1-1: Ball
2-1: Swinging Strike
2-2: Strikes out looking
Batting: SHB Chris Young 0-0: Ball
1-0: Ball
2-0: Foul Ball, location: 2F
2-1: Foul Ball, location: 2F
2-2: Foul Ball, location: 2F
2-2: Ground out 6-3 (Groundball, 6)
Batting: LHB Robinson Ordóñez 0-0: Called Strike
0-1: Called Strike
0-2: Strikes out swinging
Top of the 2nd over - 0 run(s), 0 hit(s), 0 error(s), 0 left on base; Georgetown 0 - Villanova 2
BOTTOM OF THE 2ND
Villanova Wildcats batting - Pitching for Georgetown Hoyas : RHP Greg Thompson
Batting: RHB Dan McKay 0-0: Ball
1-0: Called Strike
1-1: Foul Ball, location: 2F
1-2: Foul Ball, location: 2F
1-2: Strikes out swinging
Batting: SHB Lorenzo Gómez 0-0: Ground out 3-1 (Groundball, 34)
Batting: RHB Ricardo López 0-0: Ball
1-0: Ball
2-0: Called Strike
2-1: Ball
3-1: Foul Ball, location: 2F
3-2: Strikes out looking
Bottom of the 2nd over - 0 run(s), 0 hit(s), 0 error(s), 0 left on base; Georgetown 0 - Villanova 2
TOP OF THE 3RD
Georgetown Hoyas batting - Pitching for Villanova Wildcats : RHP Kade Brown
Batting: RHB James Anderson 0-0: Ground out 3-1 (Groundball, 34)
Batting: RHB Bob Lee 0-0: Ball
1-0: Ball
2-0: SINGLE (Flyball, 8LS)
Batting: LHB Chris Smith 0-0: Ball
Bob Lee steals 2nd base
1-0: Fly out, F7 (Line Drive, 7M)
Batting: RHB Hubert MacDonald 0-0: Ball
1-0: SINGLE (Groundball, 56D)
Bob Lee to third
Runner from 3rd tries for Home, SAFE, no throw or cutoff
Batting: LHB Ken Bullard Pickoff Throw to First - Out!
Top of the 3rd over - 1 run(s), 2 hit(s), 0 error(s), 0 left on base; Georgetown 1 - Villanova 2
BOTTOM OF THE 3RD
Villanova Wildcats batting - Pitching for Georgetown Hoyas : RHP Greg Thompson
Batting: RHB Juan Romero 0-0: Ball
1-0: Swinging Strike
1-1: Ball
2-1: Foul Ball, location: 2F
2-2: Strikes out looking
Batting: RHB Jason Smith 0-0: Ball
1-0: Foul Ball, location: 2F
1-1: Ball
2-1: Called Strike
2-2: Reached on error, E3 (Groundball, 3)
Batting: RHB Robbie Anderson 0-0: Foul Ball, location: 2F
0-1: Called Strike
0-2: Ball
Jason Smith steals 2nd base
1-2: Fly out, F9 (Flyball, 89M)
Batting: RHB Mark Hess 0-0: Called Strike
0-1: Ball
1-1: Ball
2-1: Foul Ball, location: 2F
2-2: Ball
3-2: Fly out, F8 (Flyball, 8LM)
Bottom of the 3rd over - 0 run(s), 0 hit(s), 1 error(s), 1 left on base; Georgetown 1 - Villanova 2
TOP OF THE 4TH
Georgetown Hoyas batting - Pitching for Villanova Wildcats : RHP Kade Brown
Batting: LHB Ken Bullard 0-0: Ball
1-0: Foul Ball, location: 2F
1-1: Ball
2-1: Called Strike
2-2: Strikes out swinging
Batting: RHB Brian Harvey 0-0: Called Strike
0-1: Foul Ball, location: 2F
0-2: Strikes out looking
Batting: RHB Glenn Rojas 0-0: SINGLE (Groundball, 6M)
Batting: SHB Chris Young 0-0: Fly out, F8 (Flyball, 8LD)
Top of the 4th over - 0 run(s), 1 hit(s), 0 error(s), 1 left on base; Georgetown 1 - Villanova 2
BOTTOM OF THE 4TH
Villanova Wildcats batting - Pitching for Georgetown Hoyas : RHP Greg Thompson
Batting: RHB Ron Elazar 0-0: Ball
1-0: Ball
2-0: Foul Ball, location: 2F
2-1: Ball
3-1: Base on Balls
Batting: RHB Jorge Barrios 0-0: Ball
1-0: Called Strike
1-1: Called Strike
1-2: SINGLE (Groundball, 34D)
Ron Elazar to second
Runner from 2nd tries for 3rd, SAFE, no throw or cutoff
Batting: RHB Dan McKay 0-0: SINGLE (Groundball, 34)
Ron Elazar scores
Jorge Barrios to second
Runner from 2nd tries for 3rd, SAFE, throw made to third
Batting: SHB Lorenzo Gómez 0-0: Ball
1-0: Ball
2-0: 3-RUN HOME RUN (Flyball, 9D), Distance : 356 ft
Batting: RHB Ricardo López 0-0: Called Strike
0-1: Swinging Strike
0-2: Foul Ball, location: 2F
0-2: Strikes out swinging
Batting: RHB Juan Romero 0-0: Reached on Error, E8 (Flyball, 8RM)
Batting: RHB Jason Smith 0-0: Called Strike
0-1: Called Strike
0-2: Foul Ball, location: 2F
0-2: Ball
1-2: SINGLE (Groundball, 3L)
Juan Romero to second
Runner from 2nd tries for 3rd, SAFE, no throw or cutoff
Batting: RHB Robbie Anderson 0-0: Ball
1-0: Swinging Strike
1-1: Ball
2-1: Ball
3-1: Called Strike
3-2: Fly out, F8 (Flyball, 8RM)
Runner from 3rd tags up, SCORES, no throw
Pitching: RHP Don Jones
Batting: RHB Mark Hess 0-0: Ball
1-0: Foul Ball, location: 2F
1-1: 2-RUN HOME RUN (Flyball, 78XD), Distance : 383 ft
Batting: RHB Ron Elazar 0-0: Ball
1-0: Ball
2-0: Ball
3-0: Called Strike
3-1: Fly out, F8 (Flyball, 8RM)
Bottom of the 4th over - 7 run(s), 5 hit(s), 1 error(s), 0 left on base; Georgetown 1 - Villanova 9
TOP OF THE 5TH
Georgetown Hoyas batting - Pitching for Villanova Wildcats : RHP Kade Brown
Batting: LHB Robinson Ordóñez 0-0: Foul Ball, location: 2F
0-1: Swinging Strike
0-2: Strikes out swinging
Batting: RHB James Anderson 0-0: Called Strike
0-1: Ground out 4-3 (Groundball, 4)
Batting: RHB Bob Lee 0-0: Called Strike
0-1: Ball
1-1: Foul Ball, location: 2F
1-2: Ball
2-2: Strikes out swinging
Top of the 5th over - 0 run(s), 0 hit(s), 0 error(s), 0 left on base; Georgetown 1 - Villanova 9
BOTTOM OF THE 5TH
Villanova Wildcats batting - Pitching for Georgetown Hoyas : RHP Don Jones
Batting: RHB Jorge Barrios 0-0: Foul Ball, location: 2F
0-1: Called Strike
0-2: Fly out, F9 (Line Drive, 89S)
Batting: RHB Dan McKay 0-0: Ball
1-0: Called Strike
1-1: Ball
2-1: SOLO HOME RUN (Flyball, 7LD), Distance : 320 ft
Batting: SHB Lorenzo Gómez 0-0: Ball
1-0: Ball
2-0: Ball
3-0: Base on Balls
Batting: RHB Ricardo López 0-0: Ball
1-0: Ball
2-0: Foul Ball, location: 2F
2-1: Fielders Choice at 2nd, 6-4 (Groundball, 6)
Batting: RHB Juan Romero 0-0: Ball
1-0: Foul Ball, location: 2F
1-1: Ball
2-1: Ball
3-1: Called Strike
3-2: Foul Ball, location: 2F
3-2: Base on Balls
Ricardo López to second
Batting: RHB Jason Smith 0-0: Foul Ball, location: 2F
0-1: Fly out, F8 (Flyball, 8RM)
Bottom of the 5th over - 1 run(s), 1 hit(s), 0 error(s), 2 left on base; Georgetown 1 - Villanova 10
TOP OF THE 6TH
Georgetown Hoyas batting - Pitching for Villanova Wildcats : RHP Kade Brown
Batting: LHB Chris Smith 0-0: Called Strike
0-1: Fly out, F7 (Flyball, 78M)
Batting: RHB Hubert MacDonald 0-0: Called Strike
0-1: Foul Ball, location: 2F
0-2: Strikes out looking
Batting: LHB Ken Bullard 0-0: SOLO HOME RUN (Line Drive, 9LD), Distance : 322 ft
Batting: RHB Brian Harvey 0-0: Ball
1-0: Called Strike
1-1: Foul Ball, location: 2F
1-2: Strikes out swinging
Top of the 6th over - 1 run(s), 1 hit(s), 0 error(s), 0 left on base; Georgetown 2 - Villanova 10
BOTTOM OF THE 6TH
Villanova Wildcats batting - Pitching for Georgetown Hoyas : RHP Don Jones
Pitching: LHP Joseph Elliott
Batting: RHB Robbie Anderson 0-0: Called Strike
0-1: Ball
1-1: Fly out, F9 (Popup, 4D)
Batting: RHB Mark Hess 0-0: Swinging Strike
0-1: Foul Ball, location: 2F
0-2: Strikes out swinging
Batting: RHB Ron Elazar 0-0: Called Strike
0-1: Ball
1-1: Ball
2-1: Foul Ball, location: 2F
2-2: Ground out 5-3 (Groundball, 56)
Bottom of the 6th over - 0 run(s), 0 hit(s), 0 error(s), 0 left on base; Georgetown 2 - Villanova 10
TOP OF THE 7TH
Georgetown Hoyas batting - Pitching for Villanova Wildcats : RHP Kade Brown
Batting: RHB Glenn Rojas 0-0: Called Strike
0-1: Ball
1-1: SINGLE (Groundball, 6MD)
Batting: SHB Chris Young 0-0: Ball
1-0: Foul Ball, location: 2F
1-1: Called Strike
1-2: Foul Ball, location: 2F
1-2: Ball
2-2: Foul Ball, location: 2F
2-2: Foul Ball, location: 2F
2-2: Strikes out swinging
Batting: LHB Robinson Ordóñez 0-0: Ball
1-0: Fielders Choice at 2nd, 1-4 (Groundball, 25)
Batting: RHB James Anderson 0-0: Ball
1-0: Swinging Strike
1-1: Called Strike
1-2: Strikes out swinging
Top of the 7th over - 0 run(s), 1 hit(s), 0 error(s), 1 left on base; Georgetown 2 - Villanova 10
BOTTOM OF THE 7TH
Villanova Wildcats batting - Pitching for Georgetown Hoyas : LHP Joseph Elliott
Batting: RHB Jorge Barrios 0-0: Ground out 5-3 (Groundball, 56)
Batting: RHB Dan McKay 0-0: Called Strike
0-1: Swinging Strike
0-2: Ball
1-2: Ball
2-2: Ground out 5-3 (Groundball, 56)
Batting: SHB Lorenzo Gómez 0-0: Foul Ball, location: 2F
0-1: Called Strike
0-2: SINGLE (Line Drive, 89M)
Batting: RHB Ricardo López 0-0: Called Strike
0-1: Called Strike
0-2: Ball
1-2: Foul Ball, location: 2F
1-2: SINGLE (Groundball, 4MD)
Lorenzo Gómez to second
Batting: RHB Juan Romero 0-0: Called Strike
0-1: Called Strike
0-2: Ball
1-2: Ground out U3 (Groundball, 3L)
Bottom of the 7th over - 0 run(s), 2 hit(s), 0 error(s), 2 left on base; Georgetown 2 - Villanova 10
TOP OF THE 8TH
Georgetown Hoyas batting - Pitching for Villanova Wildcats : RHP Kade Brown
Pitching: LHP Ryan Trejo
Batting: RHB Bob Lee 0-0: Fly out, F4 (Popup, 4)
Batting: LHB Chris Smith 0-0: Called Strike
0-1: SOLO HOME RUN (Flyball, 9LD), Distance : 328 ft
Batting: RHB Hubert MacDonald 0-0: Called Strike
0-1: Ball
1-1: Ball
2-1: Ball
3-1: Fly out, F6 (Popup, 8LS)
Batting: LHB Ken Bullard 0-0: Called Strike
0-1: Foul Ball, location: 2F
0-2: Ball
1-2: SINGLE (Groundball, 25) (infield hit)
Batting: RHB Brian Harvey 0-0: Ball
1-0: Ball
2-0: Called Strike
2-1: Ball
3-1: Called Strike
3-2: Base on Balls
Ken Bullard to second
Batting: RHB Glenn Rojas 0-0: Ground out 5-3 (Groundball, 56S)
Top of the 8th over - 1 run(s), 2 hit(s), 0 error(s), 2 left on base; Georgetown 3 - Villanova 10
BOTTOM OF THE 8TH
Villanova Wildcats batting - Pitching for Georgetown Hoyas : LHP Joseph Elliott
Pitching: RHP Brandon Lee
Batting: RHB Jason Smith 0-0: Ground out 5-3 (Groundball, 56)
Batting: RHB Robbie Anderson 0-0: Called Strike
0-1: Ball
1-1: Called Strike
1-2: Strikes out swinging
Batting: RHB Mark Hess 0-0: Foul Ball, location: 2F
0-1: SINGLE (Groundball, 34D)
Batting: RHB Ron Elazar 0-0: Ball
1-0: Fly out, F8 (Flyball, 8LXD)
Bottom of the 8th over - 0 run(s), 1 hit(s), 0 error(s), 1 left on base; Georgetown 3 - Villanova 10
TOP OF THE 9TH
Georgetown Hoyas batting - Pitching for Villanova Wildcats : LHP Ryan Trejo
Now at C: Tom Hooper
Batting: SHB Chris Young 0-0: Called Strike
0-1: Swinging Strike
0-2: Ball
1-2: Ball
2-2: Fly out, F8 (Flyball, 8RM)
Batting: LHB Robinson Ordóñez 0-0: Called Strike
0-1: Ball
1-1: Called Strike
1-2: Strikes out looking
Batting: RHB James Anderson 0-0: Foul Ball, location: 2F
0-1: Swinging Strike
0-2: Ball
1-2: Ball
2-2: Ball
3-2: Strikes out swinging
Top of the 9th over - 0 run(s), 0 hit(s), 0 error(s), 0 left on base; Georgetown 3 - Villanova 10
Monday, December 5th, 2016 - OOTP Baseball 17.12 Build 75